 Dungeon Crawl Stone Soup version 0.27-a0-1137-g3ef0f4ec91 (webtiles) character file.

Game seed: 14962718829981770378

103 leviel the Skirmisher (level 4, -5/41 HPs)
             Began as a Minotaur Fighter on May 6, 2021.
             Killed from afar by a white imp (6 damage)
             ... with a puff of frost
             ... on level 3 of the Dungeon.
             The game lasted 00:02:57 (1777 turns).

leviel the Skirmisher (Minotaur Fighter)            Turns: 1777, Time: 00:02:58

Health: -5/41      AC:  7    Str: 21    XL:     4   Next: 51%
Magic:  3/3        EV:  7    Int:  5    God:
Gold:   109        SH:  9    Dex: 10    Spells: 3/3 levels left

rFire    . . .     SeeInvis .   a - +0 long sword
rCold    . . .     Faith    .   c - +0 kite shield
rNeg     . . .     Spirit   .   b - +0 scale mail
rPois    .         Reflect  .   (helmet restricted)
rElec    .         Harm     .   (no cloak)
rCorr    .         Rampage  .   (no gloves)
Will     .....                  (no boots)
Stlth    ..........             (no amulet)
HPRegen  0.13/turn              (no ring)
MPRegen  0.08/turn              (no ring)

@: no status effects
A: horns 2, retaliatory headbutt
a: no special abilities


You were on level 3 of the Dungeon.
You visited 1 branch of the dungeon, and saw 3 of its levels.

You collected 109 gold pieces.

Inventory:

Hand Weapons
 a - a +0 long sword (weapon)
Missiles
 l - 2 atropa-tipped darts (quivered)
Armour
 b - a +0 scale mail (worn)
 c - a +0 kite shield (worn)
Jewellery
 k - an amulet of guardian spirit
Scrolls
 g - a scroll of enchant weapon {unknown}
 h - 6 scrolls of blinking {unknown}
 i - 2 scrolls of identify {unknown}
Potions
 d - a potion of might
 e - a potion of heal wounds {unknown}
 f - a potion of mutation {unknown}
 j - 2 potions of curing {unknown}


   Skills:
 * Level 4.6 Fighting
 + Level 3.2 Long Blades
 + Level 4.4 Armour
 + Level 0.2 Dodging
 + Level 4.6 Shields


You had 3 spell levels left.
You didn't know any spells.
Your spell library was empty.

Dungeon Overview and Level Annotations

Branches:
Dungeon (3/15)

Altars:

Shops:
D:1 [

Annotations:
D:3 Sobieck's ghost, weakling DDMo


Innate Abilities, Weirdness & Mutations

You have a pair of horns on your head.
You reflexively headbutt those who attack you in melee.


Message History

Really walk into that cloud of freezing vapour?
Okay, then. 2 simulacra come into view.
Sobieck's ghost (weakling Deep Dwarf Monk) comes into view.
It is wielding a weapon of electrocution.
Sobieck's ghost turns its malevolent gaze towards you.
You hear a shout!
Sobieck's ghost moves out of view.
Found a ring of fire and 10 gold pieces.
A white imp comes into view.
A scorpion simulacrum comes into view.
You block the scorpion simulacrum's attack.
Sobieck's ghost hits you.
Found 9 gold pieces.
You barely miss Sobieck's ghost.
The scorpion simulacrum barely misses you.
The white imp gestures at you. The puff of frost hits you.
Sobieck's ghost hits you but does no damage.
The scorpion simulacrum barely misses you.
You block the white imp's attack. Sobieck's ghost hits you.
You are electrocuted!!
* * * LOW HITPOINT WARNING * * *
The scorpion simulacrum closely misses you.
The white imp grins evilly.
Sobieck's ghost whispers, "Soon you will have time, lots of time..."
The white imp lashes its tail.
There is an open translucent gate here.
The scorpion simulacrum hits you but does no damage.
Okay, then.
You hit the scorpion simulacrum.
The scorpion simulacrum is moderately damaged.
You block the scorpion simulacrum's attack.
You slash the scorpion simulacrum!
The scorpion simulacrum vapourises!
The white imp gestures at you. The puff of frost hits you!
* * * LOW HITPOINT WARNING * * *
The white imp gestures at you. The puff of frost hits you.
You die...

...#.#..#...=...#..#
...#.#..##.....##..#..##
.....##..##$$###...#....
###...#...####....##..#
#...##.......[..#..#
###..#.........##.#
##.##(....Z.##..#
#..###'''###..#
##.......W5○@..#
#####..######.###..#
.......# #...##[#
######.# ###.# .# #.# .#
.# #.# # .# #.# .. #.#
## #(# #.


You could see Sobieck's ghost, a white imp and a howler monkey simulacrum.

Vanquished Creatures
  2 scorpion simulacra (D:3)
  A gnoll (D:1)
  3 adders
  A worm (D:3)
  A dart slug (D:2)
  An adder simulacrum (D:3)
  3 ball pythons
  3 bats
  An endoplasm (D:1)
  A giant cockroach (D:2)
  7 goblins
  8 hobgoblins
  2 quokkas (D:2)
  4 frilled lizards
  A giant cockroach simulacrum (D:3)
  3 kobolds
  7 rats
49 creatures vanquished.

Notes
Turn   | Place    | Note
-------+----------+-------------------------------------------
     0 | D:1      | leviel the Minotaur Fighter began the quest for the Orb.
     0 | D:1      | Reached XP level 1. HP: 19/19 MP: 0/0
    54 | D:1      | Found Erebb's Armour Shop.
    67 | D:1      | Reached XP level 2. HP: 4/27 MP: 1/1
   713 | D:1      | Reached XP level 3. HP: 33/33 MP: 2/2
  1292 | D:2      | Reached XP level 4. HP: 41/41 MP: 3/3
  1682 | D:3      | Found a runed translucent gate.
  1682 | D:3      | Found a runed translucent gate.
  1682 | D:3      | Found a runed translucent gate.
  1755 | D:3      | Noticed Sobieck's ghost (weakling DDMo)
  1777 | D:3      | HP: 1/41 [white imp/puff of frost (8)]
  1777 | D:3      | Killed from afar by a white imp

Illustrated notes

Levels and vault maps discovered:
D:1:      saegor_arrival_simple_e, layout_loops_ring, serial_shops,
          nicolae_shop_stone
D:2:      layout_basic
D:3:      layout_loops_ring, chei_slow_surprise, gammafunk_ghost_icy,
          chequers_ecumenical_altar_lobes, minmay_misc_feat_five

Skill      XL: |  1  2  3  4 |
---------------+-------------+-----
Fighting       | 4 |  4.6
Armour         | 4 |  4.4
Shields        | 4 |  4.6
Long Blades    | 3 |  3.2
Dodging        | |  0.2

Action                   |  1- 3 |  4- 6 || total
-------------------------+-------+-------++-------
Melee: Long sword        |    69 |    17 ||    86
       Headbutt          |     9 |     2 ||    11
Armor: Scale mail        |    30 |     6 ||    36
Dodge: Dodged            |    31 |     7 ||    38
Block: Kite shield       |    46 |    12 ||    58
       Rpst.: Long sword |    11 |     1 ||    12

Table legend: (Time is in decaauts)
 A = Elapsed time spent in this place.
 B = Non-inter-level travel time spent in this place.
 C = Inter-level travel time spent in this place.
 D = Time resting spent in this place.
 E = Time spent auto-exploring this place.
 F = Levels seen in this place.
 G = Mean time per level.
                   A        B        C        D        E       F      G
               +--------+--------+--------+--------+--------+-----+--------+
         Total |   1819 |   1749 |     70 |      0 |   1454 |   3 |  606.3 |
       Dungeon |   1819 |   1749 |     70 |      0 |   1454 |   3 |  606.3 |
               +--------+--------+--------+--------+--------+-----+--------+

Top non-repeatable levels by time:
     D:1: 935 daAuts
     D:2: 640 daAuts
     D:3: 243 daAuts
